 Dungeon Crawl Stone Soup version 0.17.0-26-gececa24 (webtiles) character file.

359 Clownie the Ruffian (level 6, -1/42 HPs)
             Began as an Octopode Berserker on Nov 19, 2015.
             Was a Priest of Trog.
             Slain by an orc
             ... wielding a +0 hand axe
              (6 damage)
             ... on level 4 of the Dungeon.
             The game lasted 00:02:34 (2231 turns).

Clownie the Ruffian (Octopode Berserker)            Turns: 2231, Time: 00:02:34

Health: -1/42      AC:  1    Str: 17    XL:     6   Next: 65%
Magic:  6/6        EV: 13    Int:  9    God:    Trog [***...]
Gold:   133        SH:  0    Dex: 13    Spells: 0 memorised, 5 levels left

rFire  . . .     SeeInvis .       - Unarmed
rCold  . . .     Clarity  .     (no shield)
rNeg   . . .     SustAt   .     (helmet restricted)
rPois  .         Gourm    .     (no amulet)
rElec  .         Spirit   .     (no ring)
rCorr  .         Warding  .     (no ring)
rMut   .         Stasis   .     (no ring)
MR     ++...                    (no ring)
Stlth  ++........               (no ring)
                                (no ring)
                                (no ring)
                                (no ring)

@: lethally poisoned (-1 -> -1), regenerating, very resistant to hostile
enchantments, unstealthy
A: almost no armour, amphibious, 8 rings, constrict 8, camouflage 1, gelatinous
body 1
a: Berserk, Trog's Hand, Burn Spellbooks, Renounce Religion


You were on level 4 of the Dungeon.
You worshipped Trog.
Trog was most pleased with you.
You were very hungry.

You visited 1 branch of the dungeon, and saw 4 of its levels.

You collected 133 gold pieces.

Inventory:

Missiles
 g - a throwing net (quivered)
Jewellery
 j - a +3 ring of intelligence {unknown}
Scrolls
 b - 7 scrolls of identify {unknown}
 f - 3 scrolls of magic mapping {unknown}
 h - a scroll of random uselessness {unknown}
 q - a scroll of remove curse {unknown}
Potions
 c - 5 potions of curing {unknown}
 d - a potion of ambrosia {unknown}
 e - a potion of might {unknown}
 k - a potion of resistance {unknown}
 l - a potion of lignification {unknown}
 o - a potion of berserk rage {unknown}
 p - a potion of poison {unknown}
Miscellaneous
 n - a plain deck of defence
Comestibles
 a - 4 bread rations
 i - a meat ration
 m - 2 slices of pizza


   Skills:
 - Level 3.0 Fighting
 - Level 3.0 Dodging
 + Level 7.3 Unarmed Combat


You had 5 spell levels left.
You didn't know any spells.

Dungeon Overview and Level Annotations

Branches:
Dungeon (4/15)
 Temple: D:4-7

Altars:
Nemelex Xobeh
Vehumet


Innate Abilities, Weirdness & Mutations

You cannot wear most types of armour.
You are amphibious.
You can wear up to eight rings at the same time.
You can use your tentacles to constrict eight enemies at once.
Your skin changes colour to match your surroundings (Stealth).
Your rubbery body absorbs attacks (AC +1).


Message History

The orc wizard gestures at you while chanting.
The magic dart hits you!
Your skin crawls.
You feel resistant to hostile enchantments.
You feel slightly more hungry.
You feel sick. The hound misses you. The orc barely misses you.
You closely miss the orc wizard. Your grab misses the orc wizard.
You feel sick. The hound closely misses you. The orc closely misses you.
The hound barely misses you.
The orc wizard points at you and mumbles some strange words.
The puff of flame hits you!
* * * LOW HITPOINT WARNING * * *
Drink which item? (? for menu, Esc to quit)
Okay, then.
You tentacle-slap the hound. Your grab misses the hound.
The hound is moderately wounded.
You feel sick. The hound bites you.
* * * LOW HITPOINT WARNING * * *
The orc hits you with a hand axe.
You die...

....!.# ###.....###
#.........# #.........#
#......... #.......###
#..oo...# # #..h@.#.#.#
### #..#..#.#.# #.. #.
#$.....# #####..
.......#.#######.....#
###..####.......#.###.#
#.......####........#
#...###.##...........
#...# #.##.#....#..##
#...# #.##.#..###..#


You could see a hound, an orc wizard and an orc.

Vanquished Creatures
  The ghost of Sphara the Cutter, an amateur KoWn (D:3)
  An orc priest (D:3)
  A worker ant (D:4)
  2 orc wizards (D:3)
  6 adders
  A worm (D:2)
  A giant gecko (D:2)
  10 orcs
  3 giant cockroaches
  13 goblins
  12 hobgoblins
  2 jackals (D:3)
  A quokka (D:2)
  7 bats
  2 giant newts
  A jackal skeleton (D:4)
  7 kobolds
  10 rats
81 creatures vanquished.

Notes
Turn   | Place    | Note
--------------------------------------------------------------
     0 | D:1      | Clownie the Octopode Berserker began the quest for the Orb.
     0 | D:1      | Reached XP level 1. HP: 16/16 MP: 1/1
    32 | D:1      | Reached XP level 2. HP: 18/21 MP: 2/2
   437 | D:1      | Reached skill level 4 in Unarmed Combat
   443 | D:1      | Reached ** piety under Trog
   499 | D:1      | Reached XP level 3. HP: 22/26 MP: 3/3
  1059 | D:2      | Reached XP level 4. HP: 20/31 MP: 4/4
  1163 | D:2      | Reached skill level 5 in Unarmed Combat
  1296 | D:3      | Reached XP level 5. HP: 31/36 MP: 5/5
  1303 | D:3      | Reached *** piety under Trog
  1386 | D:3      | Noticed Sphara's ghost (amateur KoWn)
  1401 | D:3      | Killed Sphara's ghost
  1401 | D:3      | Reached skill level 6 in Unarmed Combat
  1401 | D:3      | Reached XP level 6. HP: 42/42 MP: 6/6
  1506 | D:3      | Reached skill level 7 in Unarmed Combat
  1842 | D:3      | Found a radiant altar of Vehumet.
  1847 | D:3      | Found a sparkling altar of Nemelex Xobeh.
  2231 | D:4      | Slain by an orc

Action                   |  1- 3 |  4- 6 || total
-------------------------+-------+-------++-------
Melee: Unarmed           |    80 |    80 ||   160
Invok: Berserk           |     1 |     1 ||     2
       Trog's Hand       |       |     2 ||     2
 Stab: Sleeping          |    10 |     8 ||    18
  Eat: Chunk             |     1 |     4 ||     5
